[Event "Turkey IS Bank Super League 2017"]
[Site "Darica-Kocaeli"]
[Date "2017.08.03"]
[Round "8"]
[White "Yurtseven, Melih"]
[Black "Ozen, Deniz"]
[Result "1/2-1/2"]
[ECO "D02"]
[WhiteElo "2353"]
[BlackElo "2351"]
[Annotator "ChessBase"]
[PlyCount "113"]
[EventType "team-tourn"]
[EventCountry "TUR"]
[TimeControl "40/5400+30:1800+30"]

1. Nf3 Nf6 2. g3 d5 3. Bg2 c6 4. O-O Bg4 5. d4 Nbd7 6. Nbd2 e6 7. Re1 Be7 8. e4 O-O 9. c3 c5 10. h3 Bh5 11. exd5 exd5 12. dxc5 Nxc5 13. Nb3 Nce4 14. Nbd4 Bd6 15. Nf5 Qb6 16. Be3 Qxb2 17. Nxd6 Nxd6 18. Bd4 Nde4 19. c4 Qa3 20. g4 Bg6 21. Ne5 Rad8 22. Nxg6 hxg6 23. cxd5 Rfe8 24. Re3 Qa5 25. Qe1 Qa4 26. Bxa7 Qxa7 27. Bxe4 Re5 28. Bg2 Rxe3 29. Qxe3 Qa5 30. Qd4 Qc7 31. Rb1 Ne8 32. Qb6 Qxb6 33. Rxb6 Nd6 34. a4 Kf8 35. a5 Ke7 36. a6 bxa6 37. Rxa6 g5 38. Kh2 Rb8 39. Ra3 Rb2 40. Re3+ Kd7 41. Kg3 f5 42. Re5 f4+ 43. Kh2 Nf7 44. Rf5 Ke7 45. h4 Rxf2 46. Kg1 Rd2 47. hxg5 g6 48. Rxf4 Nxg5 49. Ra4 Nf7 50. Ra7+ Kf6 51. Ra6+ Kg5 52. Re6 Nh6 53. d6 Nxg4 54. Bc6 Nf6 55. d7 Nxd7 56. Bxd7 Rxd7 57. Kg2 1/2-1/2

[Event "Turkey IS Bank Super League 2017"]
[Site "Darica-Kocaeli"]
[Date "2017.08.03"]
[Round "8"]
[White "Unuk, Laura"]
[Black "Mammadova, Gulnar"]
[Result "0-1"]
[ECO "C06"]
[WhiteElo "2343"]
[BlackElo "2357"]
[Annotator "ChessBase"]
[PlyCount "180"]
[EventType "team-tourn"]
[EventCountry "TUR"]
[TimeControl "40/5400+30:1800+30"]

1. d4 d5 2. e4 e6 3. Nd2 Nf6 4. e5 Nfd7 5. Bd3 c5 6. c3 b6 7. Ne2 Ba6 8. Bxa6 Nxa6 9. O-O Nc7 10. Nf3 Be7 11. a4 a6 12. Re1 c4 13. Nf4 g6 14. g3 b5 15. h4 a5 16. axb5 Nb6 17. Ng5 h6 18. Ngh3 Nxb5 19. Qg4 Kd7 20. h5 g5 21. Ne2 Qg8 22. Rf1 Qh7 23. f4 Qe4 24. Nf2 Qf5 25. Qxf5 exf5 26. g4 gxf4 27. gxf5 Rhg8+ 28. Kh2 f3 29. Nf4 Bg5 30. N2h3 Bxf4+ 31. Nxf4 Rg5 32. e6+ Ke7 33. Ng6+ fxg6 34. Bxg5+ hxg5 35. hxg6 Kf6 36. Rxf3 Nd6 37. Kg2 Nbc8 38. Rh1 Ne7 39. g7 Ndxf5 40. Rh8 Rg8 41. Kh3 g4+ 42. Kxg4 Rxg7+ 43. Kh3 Kxe6 44. Ra8 Nc6 45. Ra6 Rh7+ 46. Kg4 Nfe7 47. Kg3 Rh8 48. Rb6 Kd7 49. Rb7+ Kc8 50. Rb5 Kc7 51. Rf7 Rd8 52. Kf3 Rd7 53. Ke2 Nd8 54. Rf6 Nb7 55. Kd2 Nc8 56. Kc2 Na7 57. Rbb6 Nd8 58. Ra6 Ndc6 59. b3 Kb7 60. Rxa7+ Nxa7 61. bxc4 dxc4 62. Rf5 Kb6 63. Rf6+ Nc6 64. Kb2 Rd5 65. Ka3 Rh5 66. Rg6 Rb5 67. Ka4 Rb1 68. Ka3 Kc7 69. Rg7+ Kd6 70. Rg6+ Kd7 71. Ka4 Ne7 72. Rg5 Kd6 73. Kxa5 Nd5 74. Rg6+ Kd7 75. Rg7+ Ke6 76. Rg6+ Kf5 77. Rc6 Ne3 78. d5 Rd1 79. d6 Ke5 80. Kb5 Rd5+ 81. Kb4 Rxd6 82. Rc8 Ke4 83. Kc5 Rd5+ 84. Kb4 Kd3 85. Rh8 Nc2+ 86. Ka4 Kxc3 87. Rh3+ Rd3 88. Rh4 Rd8 89. Kb5 Ne3 90. Rh3 Kd3 0-1

[Event "Turkey IS Bank Super League 2017"]
[Site "Darica-Kocaeli"]
[Date "2017.08.03"]
[Round "8"]
[White "Gokerkan, Cem Kaan"]
[Black "Nomin-Erdene, Davaademberel"]
[Result "0-1"]
[ECO "B11"]
[WhiteElo "2321"]
[BlackElo "2373"]
[Annotator "ChessBase"]
[PlyCount "136"]
[EventType "team-tourn"]
[EventCountry "TUR"]
[TimeControl "40/5400+30:1800+30"]

1. e4 c6 2. Nc3 d5 3. Nf3 dxe4 4. Nxe4 Nf6 5. Nxf6+ exf6 6. Bc4 Bd6 7. Qe2+ Be7 8. h3 O-O 9. d4 Re8 10. O-O Bd6 11. Be3 Nd7 12. Rfe1 Nb6 13. Bb3 Nd5 14. Qd3 Nxe3 15. Rxe3 Rxe3 16. Qxe3 Bd7 17. Re1 Qa5 18. c3 Re8 19. Qd2 Rxe1+ 20. Nxe1 Bb8 21. Qe3 Kf8 22. Bc4 b5 23. Bb3 Qc7 24. Nf3 Bf5 25. a3 g5 26. Bd1 h5 27. Kf1 Bg6 28. Be2 Qd6 29. Bd3 Qd5 30. Bxg6 fxg6 31. Qd3 Kf7 32. Nd2 Bf4 33. Ne4 f5 34. Nc5 Bd6 35. Nb7 Be7 36. Na5 Bd8 37. c4 bxc4 38. Nxc4 Bf6 39. Ne3 Qxd4 40. Qb3+ Ke7 41. Nc4 Qd5 42. Kg1 Bd4 43. Qb7+ Kf6 44. Ne3 Qc5 45. Qh7 f4 46. Nd1 g4 47. hxg4 hxg4 48. Qh8+ Kf7 49. Qh7+ Bg7 50. Qh4 Qh5 51. Qd8 g3 52. fxg3 fxg3 53. Qd7+ Kg8 54. Qe6+ Kh7 55. Ne3 Bxb2 56. Qxc6 Bg7 57. Qd7 Qe5 58. Qh3+ Kg8 59. Qc8+ Bf8 60. Qc4+ Kg7 61. Qd3 Bc5 62. Qd7+ Kh6 63. Qh3+ Kg5 64. Qg4+ Kf6 65. Qh4+ Ke6 66. Qg4+ Ke7 67. Qh4+ Ke8 68. Kh1 Qa1+ 0-1

[Event "Turkey IS Bank Super League 2017"]
[Site "Darica-Kocaeli"]
[Date "2017.08.03"]
[Round "8"]
[White "Samani, Yamac"]
[Black "Soysal, Serkan"]
[Result "0-1"]
[ECO "C84"]
[WhiteElo "2263"]
[BlackElo "2367"]
[Annotator "RC"]
[PlyCount "106"]
[EventType "team-tourn"]
[EventCountry "TUR"]
[TimeControl "40/5400+30:1800+30"]

1. e4 e5 2. Nf3 Nc6 3. Bb5 a6 4. Ba4 Nf6 5. O-O b5 6. Bb3 Bb7 7. Re1 Be7 8. Nc3 O-O 9. d3 d6 10. a3 Qd7 11. Bg5 Rfe8 12. Nd5 Nxd5 13. Bxd5 Nd8 14. Bxb7 Nxb7 15. Bxe7 Rxe7 16. Qd2 Nc5 17. Rad1 Rae8 18. Re3 g6 19. Rde1 Ne6 20. d4 f6 21. d5 Nc5 22. Qe2 f5 23. exf5 gxf5 24. Nd2 Rg7 25. Kh1 Qf7 26. c4 bxc4 27. Qxc4 Nd7 28. Rg3 Rxg3 29. hxg3 Nb6 30. Qxa6 Qxd5 31. Nf3 Rf8 32. Qe2 f4 33. Qe4 Qxe4 34. Rxe4 fxg3 35. fxg3 h6 36. Kg1 Rb8 37. Nh4 Nd5 38. b4 Ra8 39. Nf5 Rxa3 40. Rg4+ Kf8 41. Nxh6 Rb3 42. Rg8+ Ke7 43. g4 Rb1+ 44. Kf2 Rxb4 45. g5 e4 46. g6 e3+ 47. Ke1 Rb1+ 48. Ke2 Rb2+ 49. Ke1 Nc3 50. Nf5+ Kf6 51. Nxe3 Re2+ 52. Kf1 Rxe3 53. g7 Nd5 0-1

[Event "Turkey IS Bank Super League 2017"]
[Site "Darica-Kocaeli"]
[Date "2017.08.03"]
[Round "8"]
[White "Avramidou, Anastasia"]
[Black "Arda, Cagil Irmak"]
[Result "1-0"]
[ECO "E61"]
[WhiteElo "2247"]
[BlackElo "2080"]
[Annotator "ChessBase"]
[PlyCount "75"]
[EventType "team-tourn"]
[EventCountry "TUR"]
[TimeControl "40/5400+30:1800+30"]

1. d4 Nf6 2. c4 g6 3. Nc3 Bg7 4. Nf3 d6 5. Bf4 O-O 6. h3 Nbd7 7. e3 Re8 8. Be2 b6 9. O-O Bb7 10. Qc2 c5 11. d5 Rf8 12. Bh2 a6 13. a4 Ne8 14. e4 e5 15. Ne1 Bc8 16. Nd3 a5 17. f4 exf4 18. Bxf4 Qe7 19. Qb3 Rb8 20. Bg4 Nef6 21. Bf3 Ne8 22. Nb5 Ne5 23. Bxe5 Bxe5 24. Nxe5 Qxe5 25. Na7 Qg3 26. Nc6 Bxh3 27. Rf2 Rb7 28. Nxa5 Rb8 29. Nc6 Rb7 30. a5 Nf6 31. Qc3 Qg5 32. a6 Rc7 33. e5 dxe5 34. Qxe5 Qxe5 35. Nxe5 Bf5 36. d6 Rcc8 37. Nc6 Kg7 38. Ne7 1-0

[Event "Turkey IS Bank Super League 2017"]
[Site "Darica-Kocaeli"]
[Date "2017.08.03"]
[Round "8"]
[White "Kesgin, Halit Kaan"]
[Black "Tasdogen, Dincer"]
[Result "1-0"]
[ECO "B30"]
[WhiteElo "2207"]
[BlackElo "2215"]
[Annotator "ChessBase"]
[PlyCount "127"]
[EventType "team-tourn"]
[EventCountry "TUR"]
[TimeControl "40/5400+30:1800+30"]

1. e4 c5 2. Nf3 Nc6 3. Bb5 e6 4. Bxc6 bxc6 5. b3 d6 6. O-O e5 7. Bb2 Nf6 8. Re1 Bg4 9. h3 Bxf3 10. Qxf3 g6 11. c3 Bg7 12. d4 cxd4 13. cxd4 O-O 14. Nd2 Nd7 15. dxe5 Nxe5 16. Qe2 Re8 17. Rac1 Rc8 18. f4 Nd3 19. Qxd3 Bxb2 20. Rc2 Bg7 21. Rec1 Qd7 22. Kh2 Rc7 23. Nf3 Rec8 24. Rd1 d5 25. f5 Qd6+ 26. Kh1 Rd8 27. exd5 cxd5 28. Qxd5 Rxc2 29. Qxd6 Rxd6 30. Rxd6 Bh6 31. g4 Bf4 32. Rd4 Be3 33. Re4 Bb6 34. f6 h6 35. g5 Rf2 36. Re8+ Kh7 37. Ne5 hxg5 38. Nxf7 Rxf6 39. Nxg5+ Kg7 40. Re2 Rf1+ 41. Kh2 Rf5 42. h4 Bf2 43. Kh3 Kh6 44. Re7 Bxh4 45. Kxh4 Rxg5 46. Rxa7 Rg1 47. Ra6 Rd1 48. Rb6 Rd4+ 49. Kg3 Kh5 50. a4 g5 51. a5 Rd3+ 52. Kf2 Rd2+ 53. Ke3 Ra2 54. b4 Ra3+ 55. Kd4 g4 56. Rb8 g3 57. Kc5 Rf3 58. Rh8+ Kg4 59. Rg8+ Kh4 60. a6 Rf5+ 61. Kc6 Rf6+ 62. Kb7 Rf4 63. b5 Rg4 64. Rxg4+ 1-0

[Event "Turkey IS Bank Super League 2017"]
[Site "Darica-Kocaeli"]
[Date "2017.08.03"]
[Round "8"]
[White "Sevgi, Volkan"]
[Black "Temizkan, D.."]
[Result "1/2-1/2"]
[ECO "A07"]
[WhiteElo "2199"]
[BlackElo "2214"]
[Annotator "ChessBase"]
[PlyCount "108"]
[EventType "team-tourn"]
[EventCountry "TUR"]
[TimeControl "40/5400+30:1800+30"]

1. Nf3 d5 2. g3 Nf6 3. Bg2 Bg4 4. c4 c6 5. b3 Nbd7 6. Bb2 Bxf3 7. Bxf3 e5 8. O-O Bd6 9. d3 O-O 10. cxd5 cxd5 11. Nc3 Nb6 12. a4 Bb4 13. a5 Nc8 14. a6 Rb8 15. Qc1 bxa6 16. Rxa6 Rb6 17. Rxb6 axb6 18. Nb5 Qd7 19. Nc7 d4 20. Qc4 Bc5 21. Na6 Bd6 22. Qc6 Qxc6 23. Bxc6 Ne7 24. Bb7 Rd8 25. Rc1 Rd7 26. Bc6 Ra7 27. Bb5 Nfd5 28. f4 h5 29. e4 Ne3 30. fxe5 Bxe5 31. Ba3 g5 32. Bb4 h4 33. Be1 hxg3 34. hxg3 Kg7 35. Bd2 Bxg3 36. Bxe3 dxe3 37. d4 f5 38. Kg2 Bf4 39. e5 g4 40. Nb4 Ng6 41. Be2 Nh4+ 42. Kf1 Rd7 43. e6 Rxd4 44. e7 Re4 45. Rc4 Rxe7 46. Rxf4 Kg6 47. Nd5 Re5 48. Rd4 Kg5 49. Nxb6 f4 50. Nc4 Nf5 51. Rd8 Re7 52. Rg8+ Ng7 53. Ne5 f3 54. Bxf3 gxf3 1/2-1/2

[Event "Turkey IS Bank Super League 2017"]
[Site "Darica-Kocaeli"]
[Date "2017.08.03"]
[Round "8"]
[White "Bolat, Ahmet"]
[Black "Burcu, Cagatay"]
[Result "0-1"]
[ECO "C00"]
[WhiteElo "2178"]
[BlackElo "2268"]
[Annotator "ChessBase"]
[PlyCount "62"]
[EventType "team-tourn"]
[EventCountry "TUR"]
[TimeControl "40/5400+30:1800+30"]

1. e4 e6 2. b3 d5 3. Bb2 Nc6 4. exd5 exd5 5. Nf3 Nf6 6. Bb5 Bd6 7. O-O O-O 8. h3 Ne7 9. Bxf6 gxf6 10. Re1 Ng6 11. Bf1 Be6 12. c4 c6 13. Nc3 a6 14. Qc2 f5 15. cxd5 cxd5 16. Ne2 Qf6 17. Qc3 Ne5 18. Nf4 Rac8 19. Qe3 Nxf3+ 20. Qxf3 Rfd8 21. Bd3 Qh6 22. Nxe6 fxe6 23. Re2 Rc6 24. g3 Bb4 25. Kg2 Qf6 26. Rae1 Rf8 27. Rxe6 Rxe6 28. Qxd5 Rd8 29. Qc4 b5 30. Rxe6 bxc4 31. Rxf6 cxd3 0-1

[Event "Turkey IS Bank Super League 2017"]
[Site "Darica-Kocaeli"]
[Date "2017.08.03"]
[Round "8"]
[White "Dolgun, Can"]
[Black "Ozen, Bahadir"]
[Result "1/2-1/2"]
[ECO "B07"]
[WhiteElo "2104"]
[BlackElo "2315"]
[Annotator "ChessBase"]
[PlyCount "78"]
[EventType "team-tourn"]
[EventCountry "TUR"]
[TimeControl "40/5400+30:1800+30"]

1. e4 g6 2. d4 Bg7 3. Nf3 d6 4. Bd3 Nd7 5. O-O e5 6. c3 Ngf6 7. h3 O-O 8. Nbd2 b6 9. Nc4 Bb7 10. Re1 exd4 11. cxd4 Nxe4 12. Rxe4 d5 13. Re1 dxc4 14. Bxc4 Nf6 15. Bg5 Qd6 16. Bxf6 Bxf3 17. Be7 Bxd1 18. Bxd6 cxd6 19. Raxd1 Rfe8 20. Rxe8+ Rxe8 21. b3 d5 22. Bxd5 Rd8 23. Bc4 Rxd4 24. Rxd4 Bxd4 25. Kf1 Kg7 26. Ke2 f5 27. f4 h5 28. h4 Kf6 29. Kf3 a5 30. g3 Ke7 31. a4 Kf6 32. Bd5 Ke7 33. Bc4 Bh8 34. Bd5 Ba1 35. Bc4 Bd4 36. Bd5 Kf8 37. Bc4 Kg7 38. Bd5 Kh8 39. Bf7 Kg7 1/2-1/2

[Event "Turkey IS Bank Super League 2017"]
[Site "Darica-Kocaeli"]
[Date "2017.08.03"]
[Round "8"]
[White "Karagollu, Ahmet"]
[Black "Yaran, Siar"]
[Result "1/2-1/2"]
[ECO "B01"]
[WhiteElo "2083"]
[BlackElo "2253"]
[Annotator "ChessBase"]
[PlyCount "115"]
[EventType "team-tourn"]
[EventCountry "TUR"]
[TimeControl "40/5400+30:1800+30"]

1. e4 d5 2. exd5 Qxd5 3. Nc3 Qd8 4. d4 Nf6 5. Be2 c6 6. Nf3 Bg4 7. h3 Bxf3 8. Bxf3 e6 9. O-O Be7 10. Rb1 Qc7 11. Ne2 Nbd7 12. Re1 O-O 13. c4 Rad8 14. Bf4 Bd6 15. Bxd6 Qxd6 16. Qb3 Qc7 17. Nc3 e5 18. d5 Rfe8 19. dxc6 bxc6 20. Qa4 Re6 21. Rbd1 Rde8 22. Ne4 Nxe4 23. Bxe4 g6 24. b4 Kg7 25. b5 Nc5 26. Qc2 Nxe4 27. Qxe4 f5 28. Qe3 R8e7 29. Qd3 e4 30. Qd4+ Qe5 31. a4 Qxd4 32. Rxd4 Re5 33. Rd6 Rc5 34. Rxc6 Rxc6 35. bxc6 Rc7 36. Rb1 Rxc6 37. Rb7+ Kf6 38. Rxa7 Rxc4 39. Rxh7 Rxa4 40. g3 g5 41. Rh6+ Kg7 42. Rb6 f4 43. gxf4 gxf4 44. Kg2 Ra2 45. Kf1 f3 46. Ke1 Re2+ 47. Kf1 Kf7 48. Ra6 Rb2 49. Ke1 Ke7 50. Rc6 Re2+ 51. Kf1 Kd7 52. Ra6 Rc2 53. Ke1 Rb2 54. h4 Ke7 55. h5 Re2+ 56. Kf1 Kf7 57. h6 Rb2 58. Ke1 1/2-1/2

[Event "Turkey IS Bank Super League 2017"]
[Site "Darica-Kocaeli"]
[Date "2017.08.03"]
[Round "8"]
[White "Celik, Eda"]
[Black "Ayazmali, Gizem"]
[Result "0-1"]
[ECO "E90"]
[WhiteElo "1939"]
[BlackElo "1849"]
[Annotator "NA"]
[PlyCount "117"]
[EventType "team-tourn"]
[EventCountry "TUR"]
[TimeControl "40/5400+30:1800+30"]

1. d4 Nf6 2. c4 g6 3. Nc3 Bg7 4. e4 d6 5. Nf3 O-O 6. Be2 Nbd7 7. Be3 c6 8. h3 e5 9. d5 c5 10. Nd2 Ne8 11. g4 Bf6 12. h4 Ng7 13. g5 Be7 14. Nf1 f5 15. gxf6 Nxf6 16. Ng3 h5 17. Bg5 Ng4 18. Bxg4 Bxg4 19. Qd2 Bxg5 20. hxg5 Rf4 21. Rg1 Qf8 22. Nf1 Qe7 23. Nh2 Bf3 24. Nxf3 Rxf3 25. a3 Raf8 26. Rg2 Qd7 27. O-O-O a6 28. Rh1 b5 29. cxb5 axb5 30. Nd1 Qa7 31. Rg3 R3f4 32. Re1 Qa4 33. Qc2 Qa5 34. Qd2 Qb6 35. Kb1 Ra8 36. Qc2 c4 37. Qd2 h4 38. Rh3 Qc5 39. Qe3 Qd4 40. Qxd4 exd4 41. f3 Raf8 42. Reh1 Rxf3 43. Rxh4 Nh5 44. Kc2 Rg3 45. R1h2 Rf1 46. Rd2 d3+ 47. Kc3 Rgg1 48. Ne3 Rc1+ 49. Kb4 Rge1 50. Ng4 Re2 51. Rh2 Rxd2 52. Rxd2 Rc2 53. Rf2 Kg7 54. Kxb5 Ng3 55. a4 Nxe4 56. Rf1 Rxb2+ 57. Kxc4 Nc5 58. Rd1 Rc2+ 59. Kd4 0-1

[Event "Turkey IS Bank Super League 2017"]
[Site "Darica-Kocaeli"]
[Date "2017.08.03"]
[Round "8"]
[White "Yassibag, Ipek Asli"]
[Black "Ayan, Bengu Sena"]
[Result "1/2-1/2"]
[ECO "C04"]
[WhiteElo "1880"]
[BlackElo "1862"]
[Annotator "NA"]
[PlyCount "97"]
[EventType "team-tourn"]
[EventCountry "TUR"]
[TimeControl "40/5400+30:1800+30"]

1. e4 e6 2. d4 d5 3. Nd2 Nc6 4. Ngf3 Nf6 5. e5 Nd7 6. Nb3 a5 7. a4 b6 8. Bb5 Na7 9. Be2 c5 10. c3 Be7 11. Be3 Bb7 12. O-O Rc8 13. Nc1 O-O 14. Nd3 Ba6 15. Nf4 Bxe2 16. Qxe2 Nc6 17. Nd3 Qc7 18. Rac1 Qb7 19. Rfd1 b5 20. Nxc5 Nxc5 21. dxc5 bxa4 22. Ra1 Nb8 23. Rxa4 Bxc5 24. Rxa5 Bxe3 25. fxe3 Nc6 26. Ra4 Rb8 27. Rd2 Rfd8 28. Qf2 Ra8 29. Rxa8 Rxa8 30. h3 Na5 31. b4 Nc4 32. Ra2 Rxa2 33. Qxa2 Nxe3 34. Qa5 h6 35. Qc5 Nc4 36. Qd4 Qa6 37. Nd2 Na3 38. Nb3 Qe2 39. Nc5 Nb5 40. Qd3 Qe1+ 41. Qf1 Qe3+ 42. Kh1 Nxc3 43. Nd7 Ne4 44. Qa1 h5 45. Qa8+ Kh7 46. Nf8+ Kh6 47. Nd7 Qe1+ 48. Kh2 Qg3+ 49. Kg1 1/2-1/2

[Event "Turkey IS Bank Super League 2017"]
[Site "Darica-Kocaeli"]
[Date "2017.08.03"]
[Round "8"]
[White "Incecik, Seyma Zeynep"]
[Black "Kargaci, Humeyra"]
[Result "0-1"]
[ECO "A30"]
[WhiteElo "1804"]
[BlackElo "1737"]
[Annotator "NA"]
[PlyCount "68"]
[EventType "team-tourn"]
[EventCountry "TUR"]
[TimeControl "40/5400+30:1800+30"]

1. b3 Nf6 2. Bb2 g6 3. c4 Bg7 4. Nf3 O-O 5. g3 b6 6. Bg2 Bb7 7. O-O c5 8. Na3 Nc6 9. d4 Nxd4 10. Nxd4 Bxg2 11. Kxg2 cxd4 12. Bxd4 d5 13. f3 e5 14. Bb2 d4 15. Qd2 Qd7 16. Rfd1 Rad8 17. Rac1 Qc6 18. Nc2 Rd7 19. Nb4 Qb7 20. c5 bxc5 21. Nd3 Re7 22. Nxc5 Qa8 23. e4 dxe3 24. Qxe3 e4 25. Kg1 Nd5 26. Qd2 Bxb2 27. Qxb2 exf3 28. Qd4 Ne3 29. Rd2 Nf5 30. Qf2 Rfe8 31. Rd3 Ne3 32. Re1 Ng4 33. Rxe7 Nxf2 34. Rxe8+ Qxe8 0-1

[Event "Turkey IS Bank Super League 2017"]
[Site "Darica-Kocaeli"]
[Date "2017.08.03"]
[Round "8"]
[White "Yurdakul, Didem Nuray"]
[Black "Gundogan, Sinem Cagla"]
[Result "0-1"]
[ECO "C10"]
[WhiteElo "1697"]
[BlackElo "2000"]
[Annotator "NA"]
[PlyCount "98"]
[EventType "team-tourn"]
[EventCountry "TUR"]
[TimeControl "40/5400+30:1800+30"]

1. e4 e6 2. d4 d5 3. Nd2 dxe4 4. Nxe4 Nd7 5. Nf3 Ngf6 6. Ng3 Be7 7. Bd3 c5 8. c3 O-O 9. O-O b6 10. Qe2 Bb7 11. Bd2 Qc7 12. Rfe1 Rfe8 13. Rac1 Bd6 14. Ne5 Rad8 15. Bg5 Bxe5 16. dxe5 Qxe5 17. Qxe5 Nxe5 18. Bb5 Nd3 19. Bxe8 Rxe8 20. Bxf6 Nxc1 21. Rxc1 gxf6 22. Rd1 Kf8 23. Rd7 Bc6 24. Rxa7 Rd8 25. f3 Rd1+ 26. Kf2 Rd2+ 27. Kg1 Rxb2 28. Rc7 Bd5 29. Nh5 Bxa2 30. Nxf6 Bb1 31. Nd7+ Kg7 32. Ne5 Bg6 33. Rd7 Rc2 34. c4 Re2 35. Nc6 Kf6 36. h3 Rc2 37. Rb7 Rxc4 38. Rxb6 Rc2 39. Kh2 Bd3 40. Rb8 Be2 41. Kg1 Bd3 42. Rd8 c4 43. Nb4 Rc1+ 44. Kf2 Bg6 45. Rc8 c3 46. Rc6 c2 47. Ke2 Rg1 48. Nxc2 Rxg2+ 49. Kd1 Rxc2 0-1

[Event "Turkey IS Bank Super League 2017"]
[Site "Darica-Kocaeli"]
[Date "2017.08.03"]
[Round "8"]
[White "Sade, Defne"]
[Black "Ozbay, Ece"]
[Result "1-0"]
[ECO "B44"]
[WhiteElo "1654"]
[BlackElo "1970"]
[Annotator "NA"]
[PlyCount "79"]
[EventType "team-tourn"]
[EventCountry "TUR"]
[TimeControl "40/5400+30:1800+30"]

1. e4 c5 2. Nf3 e6 3. d4 cxd4 4. Nxd4 Nc6 5. c4 Nf6 6. Nc3 Bb4 7. Nxc6 bxc6 8. Bd3 e5 9. O-O O-O 10. Be3 d6 11. a3 Ba5 12. b4 Bb6 13. h3 Qe7 14. Qf3 h6 15. Rfd1 Bb7 16. Ne2 d5 17. c5 Bc7 18. Ng3 Bc8 19. Bc2 dxe4 20. Nxe4 Nd5 21. Nd6 Bd7 22. Bb3 Nf6 23. Qg3 Nh5 24. Qg6 Bxd6 25. cxd6 Qh4 26. Bxh6 Rae8 27. Bg5 Nf4 28. Qxf7+ Rxf7 29. Bxf7+ Kxf7 30. Bxh4 Nd5 31. Rac1 Ke6 32. Be7 Ra8 33. Rc5 a6 34. Re1 Kf5 35. g4+ Ke6 36. f4 Nxf4 37. Rexe5+ Kf7 38. Rf5+ Bxf5 39. Rxf5+ Ke6 40. Rxf4 1-0